 Dungeon Crawl Stone Soup version 0.23.2-40-g277498a001 (webtiles) character file.

Game seed: 10553166361775124896

89 FishyPogo the Insei (level 4, -1/34 HPs)
             Began as a Gnoll Transmuter on Sept 28, 2019.
             Slain by a hippogriff (2 damage)
             ... on level 3 of the Dungeon.
             The game lasted 00:07:16 (1980 turns).

FishyPogo the Insei (Gnoll Transmuter)              Turns: 1980, Time: 00:07:17

Health: -1/34      AC:  2    Str: 12    XL:     4   Next: 55%
Magic:  11/11      EV: 15    Int: 17    God:
Gold:   81         SH:  0    Dex: 15    Spells: 9/13 levels left

rFire    + . .     SeeInvis .     - Unarmed
rCold    + . .     Gourm    .   (no shield)
rNeg     . . .     Faith    .   b - +0 robe
rPois    .         Spirit   .   (no helmet)
rElec    .         Reflect  .   f - scarf {rC+ rF+}
rCorr    .         Harm     .   (no gloves)
MR       .....                  (no boots)
Stlth    ++........             e - amulet of the acrobat
HPRegen  0.11/turn              (no ring)
MPRegen  0.12/turn              (no ring)

@: no status effects
A: distributed training, fangs 1, strong nose
a: no special abilities


You were on level 3 of the Dungeon.
You were not hungry.

You visited 1 branch of the dungeon, and saw 3 of its levels.

You collected 81 gold pieces.

Inventory:

Missiles
 a - 12 arrows
 j - 41 stones (quivered)
Armour
 b - a +0 robe (worn)
 f - a scarf of resistance (worn)
Jewellery
 e - an amulet of the acrobat (around neck)
Scrolls
 g - 2 scrolls of teleportation {unknown}
 i - 2 scrolls of identify {unknown}
 n - a scroll of magic mapping {unknown}
 p - a scroll of blinking {unknown}
Potions
 c - a potion of invisibility {unknown}
 h - a potion of magic {unknown}
 l - a potion of haste {unknown}
 m - a potion of curing {unknown}
 o - a potion of mutation {unknown}
Comestibles
 d - 5 rations
 k - a chunk of flesh


   Skills:
 + Level 2.7 Fighting
 + Level 1.1 Short Blades
 + Level 1.1 Long Blades
 + Level 1.1 Axes
 + Level 1.1 Maces & Flails
 + Level 1.1 Polearms
 + Level 1.1 Staves
 + Level 1.1 Slings
 + Level 1.1 Bows
 + Level 1.1 Crossbows
 + Level 1.1 Throwing
 + Level 1.1 Armour
 + Level 4.6 Dodging
 + Level 1.1 Stealth
 + Level 1.1 Shields
 + Level 6.6 Unarmed Combat
 + Level 5.1 Spellcasting
 + Level 0.9 Conjurations
 + Level 0.9 Hexes
 + Level 0.9 Charms
 + Level 0.9 Summonings
 + Level 0.9 Necromancy
 + Level 0.9 Translocations
 + Level 3.8 Transmutations
 + Level 0.9 Fire Magic
 + Level 0.9 Ice Magic
 + Level 0.9 Air Magic
 + Level 0.9 Earth Magic
 + Level 0.9 Poison Magic
 + Level 1.2 Invocations
 + Level 1.1 Evocations


You had 9 spell levels left.
You knew the following spells:

 Your Spells              Type           Power        Failure   Level  Hunger
d - Beastly Appendage     Tmut           ###...       3%          1    None
e - Spider Form           Tmut/Pois      ##........   16%         3    ###....

Your spell library contained the following spells:

 Spells                   Type           Power        Failure   Level  Hunger
 Sticks to Snakes         Tmut           ###.....     4%          2    #......
 Ice Form                 Ice/Tmut       ##......     45%         4    ####...
 Blade Hands              Tmut           ###.......   63%         5    ######.


Dungeon Overview and Level Annotations

Branches:
Dungeon (3/15)

Altars:


Innate Abilities, Weirdness & Mutations

Your experience applies equally to all skills.
You have very sharp teeth.
Your uncanny sense of smell can sniff out nearby items.


Message History

Your transformation is almost over.
There is a stone staircase leading down here.
You start resting.
Magic restored.
You start resting.
Your transformation has ended.
Your scarf of resistance unmelds from your body.
Your +0 robe unmelds from your body.
You feel resistant to extremes of temperature.
You climb downwards.
The hippogriff misses you. The hippogriff barely misses you.
The hippogriff claws you. The hippogriff closely misses you.
The hippogriff pecks you. The hippogriff closely misses you.
There is a stone staircase leading up here.
You hit the hippogriff.
The hippogriff is almost dead.
The hippogriff bites you!
* * * LOW HITPOINT WARNING * * *
The hippogriff pecks you.
You die...

#.# .# #.##########.#
#.##.........# #.#
#.##.........# #. #.#.
#.##.รท.......# #.# #.#.
######'##.........# #.# #.#>
#...........).....# #.# #.#.
#..............H..# #.# #.#.
#.............@...# #.# #.#.
######.........>..######.###.#.
####........##............
#..........'.........^#.
#.##########......###### #.#
#......# #.# #......#
######'### ###.....<#
#........# #........#


You could see a hippogriff.

Vanquished Creatures
  Terence (D:2)
  An adder (D:2)
  2 worms (D:2)
  A dart slug (D:1)
  4 bats
  3 giant cockroaches
  8 goblins
  6 hobgoblins
  4 jackals
  4 kobolds
  4 frilled lizards
  4 rats
42 creatures vanquished.

Notes
Turn   | Place    | Note
-------+----------+-------------------------------------------
     0 | D:1      | FishyPogo the Gnoll Transmuter began the quest for the Orb.
     0 | D:1      | Reached XP level 1. HP: 17/17 MP: 6/6
   440 | D:1      | Reached XP level 2. HP: 23/23 MP: 7/7
  1020 | D:2      | Reached XP level 3. HP: 21/28 MP: 7/9
  1112 | D:2      | Reached skill level 5 in Spellcasting
  1122 | D:2      | Learned a level 3 spell: Spider Form
  1219 | D:2      | Noticed Terence
  1227 | D:2      | Killed Terence
  1227 | D:2      | Reached skill level 1 in Short Blades
  1227 | D:2      | Reached skill level 1 in Long Blades
  1227 | D:2      | Reached skill level 1 in Axes
  1227 | D:2      | Reached skill level 1 in Maces & Flails
  1227 | D:2      | Reached skill level 1 in Polearms
  1227 | D:2      | Reached skill level 1 in Staves
  1227 | D:2      | Reached skill level 1 in Slings
  1227 | D:2      | Reached skill level 1 in Bows
  1227 | D:2      | Reached skill level 1 in Crossbows
  1227 | D:2      | Reached skill level 1 in Throwing
  1227 | D:2      | Reached skill level 1 in Armour
  1227 | D:2      | Reached skill level 1 in Stealth
  1227 | D:2      | Reached skill level 1 in Shields
  1227 | D:2      | Reached skill level 1 in Invocations
  1227 | D:2      | Reached skill level 1 in Evocations
  1227 | D:2      | Reached XP level 4. HP: 34/34 MP: 7/11
  1945 | D:3      | Noticed a hippogriff
  1980 | D:3      | HP: 1/34 [hippogriff (11)]
  1980 | D:3      | Slain by a hippogriff

Skill      XL: |  1  2  3 |
---------------+----------+-----
Spellcasting   | 5 |  5.1
Short Blades   | 1 |  1.1
Long Blades    | 1 |  1.1
Axes           | 1 |  1.1
Maces & Flails | 1 |  1.1
Polearms       | 1 |  1.1
Staves         | 1 |  1.1
Slings         | 1 |  1.1
Bows           | 1 |  1.1
Crossbows      | 1 |  1.1
Throwing       | 1 |  1.1
Armour         | 1 |  1.1
Stealth        | 1 |  1.1
Shields        | 1 |  1.1
Invocations    | 1 |  1.2
Evocations     | 1 |  1.1
Fighting       | |  2.7
Dodging        | |  4.6
Unarmed Combat | |  6.6
Conjurations   | |  0.9
Hexes          | |  0.9
Charms         | |  0.9
Summonings     | |  0.9
Necromancy     | |  0.9
Translocations | |  0.9
Transmutations | |  3.8
Fire Magic     | |  0.9
Ice Magic      | |  0.9
Air Magic      | |  0.9
Earth Magic    | |  0.9
Poison Magic   | |  0.9

Action                   |  1- 3 |  4- 6 || total
-------------------------+-------+-------++-------
Melee: Unarmed           |    54 |    30 ||    84
       Headbutt          |     2 |       ||     2
       Punch             |     1 |       ||     1
       Kick              |     5 |       ||     5
       Bite              |     2 |     1 ||     3
 Cast: Beastly Appendage |    14 |     1 ||    15
       Spider Form       |     3 |    10 ||    13
 Stab: Sleeping          |     3 |     1 ||     4
       Distracted        |     1 |       ||     1
  Eat: Chunk             |     1 |     3 ||     4
Armor: Robe              |     5 |     1 ||     6
       Skin              |     1 |       ||     1
Dodge: Dodged            |    29 |    22 ||    51
